 Dungeon Sprint DCSS version 0.31-a0-460-g9e667d4245 (webtiles) character file.

Game seed: 10576013326272279811

543 rocky1 the Grappler (level 7, -18/67 HPs)
             Began as an Octopode Shapeshifter on Aug 5, 2023.
             Was a High Priest of Sif Muna.
             Demolished by a demonic crawler (19 damage)
             ... in the Dungeon (Sprint VII: "The Pits").
             The game lasted 00:02:07 (1183 turns).

rocky1 the Grappler (Octopode Shapeshifter)         Turns: 1183, Time: 00:02:08

Health: -18/67     AC:  1    Str: 14    XL:     7   Next: 27%
Magic:  13/13      EV: 14    Int: 12    God:    Sif Muna [*****.]
Gold:   0          SH:  0    Dex: 13    Spells: 6/14 levels left

rFire   . .          .
                       - Unarmed
rCold   . . .        (no shield)
rNeg    . . .        (helmet currently unavailable)
rPois   .            (no amulet)
rElec   .            (no ring)
rCorr   .            (no ring)
SInv    .            (no ring)
Will    .....        (no ring) Stlth
                     (no ring)
HPRegen 0.31/turn    (no ring)
MPRegen 0.13/turn    (no ring)
                     (no ring)

%: no teleportation
@: berserking, beast-form, invisible, very quick
A: beast (slay +6), almost no armour, amphibious, 8 rings, camouflage 1,
gelatinous body 1, (nimble swimmer 1), tentacles
a: Begin Untransformation, Renounce Religion, Channel Magic, Forget Spell,
Divine Exegesis


You were in the Dungeon.
You worshipped Sif Muna.
Sif Muna was extremely pleased with you.
You were a hulking beast.
You visited 1 branch

Inventory:

Talismans
 b - a beast talisman (active)
Scrolls
 h - a scroll of blinking
 j - 5 scrolls of amnesia
 k - a scroll of summoning
Potions
 a - a potion of lignification
 c - 6 potions of curing
 d - 4 potions of heal wounds
 e - a potion of haste
 f - 4 potions of magic
 i - a potion of invisibility


   Skills:
 + Level 2.4 Fighting
 + Level 4.6 Dodging
 + Level 4.2 Stealth
 + Level 9.7 Unarmed Combat
 * Level 4.0 Spellcasting
 + Level 8.7 Shapeshifting


You had 6 spell levels left.
You knew the following spells:

 Your Spells              Type           Power      Damage    Failure   Level
a - Frozen Ramparts       Ice            4%         1d1       54%         3
b - Freezing Cloud        Conj/Ice/Air   1%         6-21      99%         5

Your spell library contained the following spells:

 Spells                   Type           Power      Damage    Failure   Level
 Sting                    Tmut/Pois      8%         1d3       22%         1
 Poisonous Vapours        Pois/Air       4%         N/A       32%         2
 Swiftness                Air            2%         N/A       54%         3
 Petrify                  Tmut/Erth      2%         N/A       91%         4
 Summon Lightning Spire   Summ/Air       2%         N/A       91%         4
 Metabolic Englaciation   Hex/Ice        1%         N/A       99%         5


Dungeon Overview and Level Annotations

Branches:
Dungeon (1/1)

Altars:
Ashenzari
Cheibriados
Dithmenos
Elyvilon
Fedhas
Gozag
Hepliaklqana
Kikubaaqudgha
Makhleb
Nemelex Xobeh
Okawaru
Qazlal
Ru
Sif Muna
Trog
Uskayaw
Vehumet
Wu Jian
Xom
Yredelemnul
Zin
The Shining One
Jiyva
Lugonu


Innate Abilities, Weirdness & Mutations

You are a hulking beast.
Your limbs bulge with bestial killing power. (Slay +6)
You cannot wear most types of armour.
You are amphibious.
You can wear up to eight rings at the same time.
Your skin changes colour to match your surroundings (Stealth+).
Your rubbery body absorbs attacks. (AC +1, EV +1)
((You are camouflaged when in or above water. (Stealth+)))
You have tentacles for arms and can constrict up to eight enemies at once.


Message History

Done waiting.
This spell is quite dangerous to cast!
Memorise Frozen Ramparts, consuming 3 spell levels and leaving 11?
You start memorising the spell.
You continue memorising. x3
You finish memorising.
Spell assigned to 'a'.
This spell is astonishingly dangerous to cast!
Memorise Freezing Cloud, consuming 5 spell levels and leaving 6?
You start memorising the spell.
You continue memorising. x5
You finish memorising.
Spell assigned to 'b'.
Things that are here:
a +0 trident; a +0 scale mail; a +0 kite shield
There is an open door here.
Things that are here:
a +0 club; a gnoll skeleton As you open the door, it creaks loudly!
A scorpion, a gargoyle and a demonic crawler come into view.
The demonic crawler gives a hideous shriek!
Unknown command.
There is an open door here.
Things that are here:
a +0 club; a gnoll skeleton
Things that are here:
a +0 trident; a +0 scale mail; a +0 kite shield You fade into invisibility!
The demonic crawler hits you. The demonic crawler closely misses you.
The demonic crawler hits you.
A red film seems to cover your vision as you go berserk!
You feel yourself moving faster!
You feel mighty! The demonic crawler hits you! The demonic crawler misses you.
The demonic crawler hits you! The demonic crawler misses you.
The demonic crawler hits you! The demonic crawler hits you.
* * * LOW HITPOINT WARNING * * *
You tentacle-slap the demonic crawler. You squeeze the demonic crawler!
The demonic crawler is moderately wounded.
You closely miss the demonic crawler.
The demonic crawler is moderately wounded.
The demonic crawler closely misses you. The demonic crawler hits you!!
* * * LOW HITPOINT WARNING * * *
The demonic crawler hits you!!
You die...

#.#..#..#))##.......#
#.#..#..#..##.......#
#.##)#..#'###...<...#
#†#........##.......#
#)#........##.......#
#'###########.......#
#.......#..##########
#..###..#.## ###
#.......#h# s..#
##.###.##s#....#
#.......#s9....+
#..###..#'#....#
#.......'.#....#
########### ####


You could see a demonic crawler, a gargoyle (unable to see you) and a scorpion
(unable to see you).

Vanquished Creatures
  A cane toad (D)
  A wolf (D)
  A gnoll sergeant (D)
  A hound (D)
  An iguana (D)
  2 mummies (D)
  A gnoll (D)
  A river rat (D)
  A white imp (D)
  An adder zombie (D)
  A worm (D)
  An orc (D)
  A hobgoblin (D)
  8 jackals (D)
  2 ball pythons (D)
  A frilled lizard (D)
  A goblin (D)
  A kobold (D)
  A rat (D)
28 creatures vanquished.

Notes
Turn   | Place    | Note
-------+----------+-------------------------------------------
     0 | D        | rocky1 the Octopode Shapeshifter began the quest for the
                  | Orb.
     0 | D        | Reached XP level 1. HP: 13/13 MP: 1/1
    20 | D        | Found a bloodstained altar of Trog.
    20 | D        | Found a shimmering blue altar of Sif Muna.
    20 | D        | Found a viscous altar of Jiyva.
    20 | D        | Found a hazy altar of Hepliaklqana.
    20 | D        | Found an opulent altar of Gozag.
    21 | D        | Found a glowing golden altar of the Shining One.
    21 | D        | Found a glowing silver altar of Zin.
    21 | D        | Found a basalt altar of Yredelemnul.
    21 | D        | Found a shimmering altar of Xom.
    21 | D        | Found an ornate altar of the Wu Jian Council.
    21 | D        | Found a sacrificial altar of Ru.
    21 | D        | Found a stormy altar of Qazlal.
    21 | D        | Found an iron altar of Okawaru.
    21 | D        | Found a sparkling altar of Nemelex Xobeh.
    21 | D        | Found a burning altar of Makhleb.
    21 | D        | Found a blossoming altar of Fedhas.
    21 | D        | Found a white marble altar of Elyvilon.
    21 | D        | Found a shadowy altar of Dithmenos.
    21 | D        | Found a snail-covered altar of Cheibriados.
    24 | D        | Found a corrupted altar of Lugonu.
    24 | D        | Found a radiant altar of Vehumet.
    25 | D        | Found an ancient bone altar of Kikubaaqudgha.
    25 | D        | Found a hide-covered altar of Uskayaw.
    25 | D        | Found a broken altar of Ashenzari.
    26 | D        | Became a worshipper of Sif Muna the Loreminder
   242 | D        | Reached * piety under Sif Muna
   246 | D        | Reached XP level 2. HP: 16/18 MP: 2/2
   248 | D        | Reached skill level 4 in Unarmed Combat
   248 | D        | Reached ** piety under Sif Muna
   254 | D        | Reached *** piety under Sif Muna
   394 | D        | Reached **** piety under Sif Muna
   395 | D        | Reached skill level 5 in Unarmed Combat
   395 | D        | Reached skill level 5 in Shapeshifting
   395 | D        | Reached XP level 3. HP: 15/23 MP: 3/3
   623 | D        | Noticed a wolf
   632 | D        | Reached XP level 4. HP: 24/28 MP: 4/4
   638 | D        | Killed a wolf
   639 | D        | Reached skill level 1 in Stealth
   639 | D        | Reached skill level 6 in Unarmed Combat
   639 | D        | Reached XP level 5. HP: 33/33 MP: 5/5
   640 | D        | Reached skill level 7 in Unarmed Combat
   641 | D        | Reached ***** piety under Sif Muna
   641 | D        | Received a gift from Sif Muna
   649 | D        | Got Sif Muna's Anthology of Toxins and the Wind {god gift}
   833 | D        | Noticed a cane toad
   837 | D        | HP: 1/33 [cane toad (24)]
   840 | D        | Killed a cane toad
   841 | D        | Reached skill level 9 in Unarmed Combat
   841 | D        | Reached XP level 6. HP: 27/39 MP: 5/11
   841 | D        | Reached XP level 7. HP: 32/45 MP: 5/12
   852 | D        | Received a gift from Sif Muna
  1168 | D        | Learned a level 3 spell: Frozen Ramparts
  1174 | D        | Learned a level 5 spell: Freezing Cloud
  1177 | D        | Noticed a gargoyle
  1177 | D        | Noticed a demonic crawler
  1183 | D        | HP: 1/67 [demonic crawler (19)]
  1183 | D        | Demolished by a demonic crawler

Illustrated notes

Levels and vault maps discovered:
D:        pitsprint [storerooms_1, entrance_room_1, metal_vault_1, armoury_3,
          mini_pit_1, grid_room_1, main_hall_1, silver_pit, the_coven_3,
          the_vestibule_1, steel_vault_4, golden_pit, hallway_of_sentries,
          crystal_vault_1, iron_vault_1, final_vault]

Skill      XL: |  1  2  3  4  5  6  7 |
---------------+----------------------+-----
Unarmed Combat | 5 6 9 |  9.7
Shapeshifting  | 5 6 8 |  8.7
Dodging        | 3 4 |  4.6
Stealth        | 1 3 4 |  4.2
Fighting       | 2 |  2.4
Spellcasting   | 3 4 |  4.0

Action                     |  1- 3 |  4- 6 |  7- 9 || total
---------------------------+-------+-------+-------++-------
  Melee: Unarmed           |    29 |    15 |     9 ||    53
         Constrict         |     6 |     6 |     1 ||    13
         Tentacles         |     5 |     4 |     2 ||    11
    Use: Potion            |       |     4 |     2 ||     6
   Stab: Sleeping          |       |     2 |       ||     2
 Armour: Skin              |     1 |     1 |       ||     2
  Dodge: Dodged            |    10 |     6 |     7 ||    23

Table legend: (Time is in decaauts)
 A = Elapsed time spent in this place.
 B = Non-inter-level travel time spent in this place.
 C = Inter-level travel time spent in this place.
 D = Time resting spent in this place.
 E = Time spent auto-exploring this place.
 F = Levels seen in this place.
 G = Mean time per level.
                   A        B        C        D        E       F      G
               +--------+--------+--------+--------+--------+-----+--------+
         Total |   1192 |   1174 |     18 |    960 |      0 |   1 | 1192.0 |
       Dungeon |   1192 |   1174 |     18 |    960 |      0 |   1 | 1192.0 |
               +--------+--------+--------+--------+--------+-----+--------+

Top non-repeatable levels by time:
       D: 1192 daAuts
